 Dungeon Crawl Stone Soup version 0.17-a0-1804-gf6433eb (webtiles) character file.

84 kosy22 the Ducker (level 4, -1/44 HPs)
             Began as a Troll Fighter on Sept 7, 2015.
             Slain by an adder (2 damage)
             ... on level 3 of the Dungeon on Sept 11, 2015.
             The game lasted 00:05:17 (2315 turns).

kosy22 the Ducker (Troll Fighter)                   Turns: 2315, Time: 00:05:18

Health: -1/44      AC:  5    Str: 32    XL:     4   Next: 24%
Magic:  3/3        EV:  8    Int:  4    God:
Gold:   73         SH:  9    Dex:  9    Spells: 0 memorised, 3 levels left

rFire  . . .     SeeInvis +       - Unarmed
rCold  . . .     Clarity  .     a - +0 robe
rNeg   . . .     SustAt   .     b - +0 shield
rPois  .         Gourm    +     (helmet restricted)
rElec  .         Spirit   .     (no cloak)
rCorr  .         Warding  .     (gloves unavailable)
rMut   .         Stasis   .     (boots unavailable)
MR     .....                    (no amulet)
Stlth  +.........               i - ring of see invisible
                                h - +2 ring of strength

@: mighty, lethally poisoned (-1 -> -1), not resistant to hostile enchantments,
very unstealthy
A: unfitting armour, claws 3, fast metabolism 3, gourmand, regeneration 2,
shaggy fur 1, tough skin 2
a: no special abilities


You were on level 3 of the Dungeon.
You were not hungry.

You visited 1 branch of the dungeon, and saw 3 of its levels.

You collected 73 gold pieces.

Inventory:

Armour
 a - a +0 robe (worn)
 b - a +0 shield (worn)
Jewellery
 h - a +2 ring of strength (left claw)
 i - a ring of see invisible (right claw)
Scrolls
 f - a scroll of remove curse
 g - a scroll of blinking {unknown}
Potions
 d - a potion of curing {unknown}
 e - 2 potions of agility {unknown}
Comestibles
 j - a slice of pizza
 k - a bread ration


   Skills:
 + Level 2.8 Fighting
 + Level 3.2 Dodging
 + Level 3.0 Shields
 + Level 2.4 Unarmed Combat


You had 3 spell levels left.
You didn't know any spells.

Dungeon Overview and Level Annotations

Branches:
Dungeon (3/15)

Altars:
Cheibriados

Annotations:
D:3 luca467's ghost, average DsGl


Innate Abilities, Weirdness & Mutations

You are too large for most types of armour.
You have claws for hands.
Your metabolism is lightning-fast.
You like to eat raw meat.
You heal very quickly.
You are covered in fur (AC +1).
You have very tough skin (AC +2).


Message History

The jackal barks!
You block the adder's attack. Luca467's ghost barely misses you.
You closely miss luca467's ghost.
Luca467's ghost is heavily damaged.
The adder bites you.
You are poisoned.
The adder poisons you! You block luca467's ghost's attack.
The adder bites you but does no damage.
You scratch luca467's ghost.
Luca467's ghost is severely damaged.
You feel sick. Luca467's ghost barely misses you.
The adder bites you but does no damage.
You barely miss luca467's ghost.
Luca467's ghost is severely damaged.
You block the adder's attack. Luca467's ghost hits you!
* * * LOW HITPOINT WARNING * * *
Luca467's ghost hits you.
* * * LOW HITPOINT WARNING * * *
The adder bites you.
You die...

... ### #.. #.. #.# #.#
#.# #.# ###.### ##.##
#.....# #....
#.#######.#.#.######..##
o...hgW@..............#
#...hgS...#.#)###.#####
#.<######.....##.#.#####
. ###..^..###.....
######.#.##### ##.## #.#
#.# #..


You could see luca467's ghost, a gnoll, an adder, an orc (wandering), 2 jackals
and a goblin.

Vanquished Creatures
  3 adders (D:2)
  An ooze (D:2)
  4 worms (D:2)
  2 giant geckos (D:2)
  An orc (D:3)
  3 giant cockroaches
  5 hobgoblins
  A ball python (D:2)
  5 bats
  5 giant newts
  4 goblins
  7 kobolds
  A quokka (D:2)
  8 rats
50 creatures vanquished.

Notes
Turn   | Place    | Note
--------------------------------------------------------------
     0 | D:1      | kosy22 the Troll Fighter began the quest for the Orb.
     0 | D:1      | Reached XP level 1. HP: 22/22 MP: 0/0
   194 | D:1      | Reached XP level 2. HP: 29/29 MP: 1/1
   863 | D:1      | Upgraded the game from 0.17-a0-1769-g54adf96 to 0.17-a0-1804-gf6433eb
  1089 | D:2      | Reached XP level 3. HP: 36/36 MP: 2/2
  1264 | D:2      | Reached skill level 3 in Shields
  1852 | D:2      | Reached XP level 4. HP: 44/44 MP: 3/3
  1925 | D:2      | Found a snail-covered altar of Cheibriados.
  2302 | D:3      | Noticed luca467's ghost (average DsGl)
  2315 | D:3      | HP: 1/44 [luca467's ghost (5)]
  2315 | D:3      | Slain by an adder

Vault maps used:
D:1:      onia_arrival_handbag
D:2:      cheibriados_altar_1, grunt_ministairs_8, hex_large
D:3:      lemuel_castle_with_subvaults, okawaru_metal_pillars_1_2,
          nicolae_overflow_hidden_temple, nicolae_overflow_crystal_walls,
          ecumenical_altar_2, first_bread

Action                   |  1- 3 |  4- 6 || total
-------------------------+-------+-------++-------
Melee: Unarmed           |   101 |    28 ||   129
  Use: Scroll            |     2 |       ||     2
       Potion            |       |     1 ||     1
  Eat: Bread ration      |     3 |       ||     3
       Chunk             |     4 |     1 ||     5
